 Dungeon Crawl Stone Soup version 0.21-a0-140-g479285b (webtiles) character file.

76 grindst0ne the Ruffian (level 4, -2/40 HPs)
             Began as a Ghoul Gladiator on July 19, 2017.
             Slain by Robin
             ... wielding a +4 trident
              (7 damage)
             ... on level 2 of the Dungeon.
             The game lasted 00:01:48 (1523 turns).

grindst0ne the Ruffian (Ghoul Gladiator)            Turns: 1523, Time: 00:01:49

Health: -2/40      AC:  4    Str: 18    XL:     4   Next: 32%
Magic:  3/3        EV: 12    Int:  3    God:
Gold:   51         SH:  0    Dex: 10    Spells: 3/3 levels left

rFire    . . .     SeeInvis .     - Unarmed
rCold    + . .     Gourm    .   (no shield)
rNeg     + + +     Faith    .   a - +0 leather armour
rPois    ∞         Spirit   .   b - +0 helmet
rElec    .         Reflect  .   (no cloak)
rCorr    .         Harm     .   (no gloves)
MR       .....                  (no boots)
Stlth    +.........             (no amulet)
HPRegen  0.00/turn              (no ring)
MPRegen  0.08/turn              (no ring)

@: rotting
A: rotting body, claws 1, carnivore 3, cold resistance 1, negative energy
resistance 3, inhibited regeneration, torment resistance, unbreathing
a: no special abilities


You were on level 2 of the Dungeon.
You were not hungry.

You visited 1 branch of the dungeon, and saw 2 of its levels.

You collected 51 gold pieces.

Inventory:

Missiles
 c - 3 throwing nets (quivered)
Armour
 a - a +0 leather armour (worn)
 b - a +0 helmet (worn)
Jewellery
 g - a +3 ring of evasion {unknown}
 h - an uncursed ring of wizardry {unknown}
Scrolls
 e - a scroll of recharging {unknown}
 f - a scroll of enchant armour {unknown}
 i - a scroll of enchant weapon {unknown}
 l - a scroll of identify {unknown}
 n - a scroll of magic mapping {unknown}
Potions
 m - a potion of magic {unknown}
Comestibles
 d - 2 meat rations
 j - 6 chunks of flesh
 k - a royal jelly


   Skills:
 + Level 3.8 Fighting
 - Level 1.7 Throwing
 - Level 2.6 Dodging
 + Level 4.4 Unarmed Combat


You had 3 spell levels left.
You didn't know any spells.

Dungeon Overview and Level Annotations

Branches:
Dungeon (2/15)

Altars:

Annotations:
D:2 Robin


Innate Abilities, Weirdness & Mutations

Your body is rotting away.
You thrive on raw meat.
You are immune to poison.
You have sharp fingernails.
You are carnivorous and can eat meat at any time.
Your flesh is cold resistant. (rC+)
You are immune to negative energy. (rN+++)
You do not regenerate when monsters are visible.
You are immune to unholy pain and torment.
You can survive without breathing.


Message History

There is a stone staircase leading down here.
Robin throws the goblin at you!
You barely miss the hobgoblin.
The hobgoblin hits you but does no damage.
The goblin closely misses you.
A goblin comes into view.
The goblin shouts!
You hear a shout!
The goblin hits you with a club.
* * * LOW HITPOINT WARNING * * *
Robin's bangles clink loudly.
The goblin barely misses you.
A goblin comes into view. It is wielding a club.
The goblin unwields an uncursed club.
The goblin wields a hunting sling.
The goblin shoots a stone.
The stone barely misses you.
Robin hits you from afar with an enchanted trident.
* * * LOW HITPOINT WARNING * * *
You see here a stone.
Robin hits you with an enchanted trident!
You die...

# #[.#.#.#.# #......#
...#.#.#.# .......... #
......#.#.###.######.##
# .............g #. #
..............# #
[#.#.##..# # #.#.##..#
# #...##..# # #.=.@g..#
# #..g##g##..# #.# ..
#..>g..g...# #.#
....###.####.#...#
#.#.#
#........g...#.###
#.#.# #######.##.#.# #
#.#.# #.# .#.# #.#.#
#.# ##.#
#.#.#[#######.# #.#


You could see Robin, a hobgoblin and 2 goblins.

Vanquished Creatures
  3 adders (D:2)
  2 oozes (D:2)
  2 worms (D:2)
  A dart slug (D:2)
  A leopard gecko (D:2)
  A bat (D:2)
  5 goblins
  9 hobgoblins
  2 jackals (D:2)
  5 frilled lizards
  3 kobolds
34 creatures vanquished.

Notes
Turn   | Place    | Note
-------+----------+-------------------------------------------
     0 | D:1      | grindst0ne the Ghoul Gladiator began the quest for the Orb.
     0 | D:1      | Reached XP level 1. HP: 17/17 MP: 0/0
   648 | D:1      | Reached XP level 2. HP: 18/25 MP: 1/1
  1095 | D:2      | Reached XP level 3. HP: 19/31 MP: 2/2
  1119 | D:2      | Reached skill level 4 in Unarmed Combat
  1407 | D:2      | Reached XP level 4. HP: 39/40 MP: 3/3
  1506 | D:2      | Noticed Robin
  1523 | D:2      | Slain by Robin

Vault maps used:
D:1:      saegor_arrival_under_anarchy
D:2:      marbit_many_paths, uniq_robin, uniq_sigmund

Skill      XL: |  1  2  3 |
---------------+----------+-----
Fighting       | 3 |  3.8
Unarmed Combat | 4 |  4.4
Throwing       | |  1.7
Dodging        | |  2.6

Action                   |  1- 3 |  4- 6 || total
-------------------------+-------+-------++-------
Melee: Unarmed           |    84 |    26 ||   110
       Punch             |     1 |       ||     1
 Stab: Sleeping          |     1 |       ||     1
  Eat: Chunk             |    11 |     4 ||    15
Armor: Leather armour    |    16 |    10 ||    26
Dodge: Dodged            |    34 |    13 ||    47
